AoeStats
← eyupfc

Arena

506729001Analyzed
3v3 RM · 18d ago on Sep 14, 2026· 45m 16s· 6 players
Game mode
Random Map
Map size
Normal (6 player)
Population
200
Speed
Normal
Resources
Standard
Victory
Conquest
Starting age
Dark Age
Ending age
Imperial Age
RankedLock teamsTeams togetherTeam positionsShared explorationLock speedFull tech treeHidden civsTurbo modeCheats
Victory
Defeat
🇹🇷 Burmese · Türkiye
1221
+16
🇹🇷 Turks · Türkiye
1185
+19
🇹🇷 Byzantines · Türkiye
1185
+18
🇧🇷 Bohemians · Brazil
1250
-18
🇨🇦 Slavs · Canada
1231
-18
🇲🇽 Teutons · Mexico
1208
-17
Onizuka
11:01 Feudal Age
14:38 Castle Age
12:52 Double-Bit Axe
14:07 Loom
16:53 Bow Saw
27:11 Imperial Age
27:14 Wheelbarrow
29:28 Ballistics
Huge.Master
8:53 Loom
11:42 Feudal Age
15:39 Castle Age
14:06 Double-Bit Axe
14:03 Horse Collar
18:27 Wheelbarrow
18:24 Stone Mining
22:40 Gold Mining
25:01 Bow Saw
24:53 Heavy Plow
29:56 Imperial Age
28:13 Forging
28:03 Scale Mail Armor
28:13 Forging
28:03 Scale Mail Armor
28:14 Forging
28:04 Scale Mail Armor
28:36 Hand Cart
28:23 Scale Mail Armor
31:07 Iron Casting
30:47 Chain Mail Armor
31:07 Iron Casting
30:48 Chain Mail Armor
31:41 Two-Man Saw
30:12 Pikeman
30:52 Squires
30:38 Arson
31:19 Cavalier
32:10 Bloodlines
32:24 Conscription
31:25 Elite Teutonic Knight
33:40 Chemistry
32:51 Fortified Wall
32:46 Halberdier
zesen
11:33 Feudal Age
12:40 Double-Bit Axe
15:41 Castle Age
13:29 Horse Collar
15:44 Gold Mining
16:53 Bow Saw
16:52 Heavy Plow
16:47 Loom
21:32 Wheelbarrow
23:37 Redemption
23:41 Forging
23:37 Scale Barding Armor
23:51 Fletching
25:55 Iron Casting
26:21 Gold Shaft Mining
26:00 Husbandry
26:11 Bloodlines
26:44 Padded Archer Armor
26:34 Light Cavalry
27:28 Scale Mail Armor
27:50 Chain Barding Armor
27:34 Elite Skirmisher
28:55 Bodkin Arrow
31:05 Hand Cart
30:38 Town Watch
35:16 Leather Archer Armor
36:40 Ballistics
38:53 Imperial Age
37:30 Scale Mail Armor
38:11 Masonry
38:13 Careening
38:13 Fortified Wall
40:13 Ring Archer Armor
40:44 Chemistry
39:26 Cavalier
41:05 Plate Barding Armor
41:49 Two-Man Saw
41:51 Blast Furnace
42:49 Heavy Cavalry Archer
43:13 Hussar
44:46 Siege Engineers
eyupfc
4:40 Loom
11:27 Feudal Age
15:03 Castle Age
12:54 Double-Bit Axe
13:18 Horse Collar
16:35 Bow Saw
17:13 Wheelbarrow
17:38 Heavy Plow
22:13 Gold Mining
22:40 Stone Mining
27:59 Imperial Age
27:29 Scale Barding Armor
27:49 Fortified Wall
28:28 Forging
28:11 Fletching
30:18 Chemistry
30:48 Gold Shaft Mining
30:57 Hand Cart
31:41 Chain Barding Armor
32:46 Conscription
33:29 Elite Cataphract
34:58 Plate Barding Armor
35:34 Logistica
37:10 Iron Casting
39:22 Husbandry
39:23 Bodkin Arrow
42:56 Bracer
42:54 Murder Holes
43:20 Ballistics
44:02 Two-Man Saw
43:32 Crop Rotation
43:39 Stone Shaft Mining
45:20 Treadmill Crane
46:22 Hoardings
isik.cemil
9:42 Loom
12:51 Feudal Age
16:53 Castle Age
14:55 Double-Bit Axe
21:05 Imperial Age
20:18 Fletching
20:29 Fletching
22:10 Bow Saw
23:48 Gold Mining
29:31 Ballistics
33:15 Horse Collar
34:14 Wheelbarrow
37:47 Heavy Plow
39:40 Hand Cart
39:38 Town Watch
40:40 Padded Archer Armor
40:24 Treadmill Crane
43:29 Town Patrol
44:55 Bloodlines
44:46 Husbandry
KingMoonborn
4:45 Loom
12:28 Feudal Age
14:13 Loom
16:28 Castle Age
15:14 Padded Archer Armor
20:10 Loom
31:25 Horse Collar
32:23 Wheelbarrow
32:27 Ballistics
34:22 Fortified Wall
35:26 Hand Cart
39:39 Imperial Age
38:21 Scale Barding Armor
38:27 Forging
38:28 Bloodlines
38:19 Husbandry
39:12 Light Cavalry
40:22 Hussar
41:28 Gold Mining
41:43 Heavy Plow
43:20 Chain Barding Armor
44:52 Iron Casting
45:56 Conscription
Connection lost

Rejoining the realm…

Still unreachable

The connection could not be restored.

Session expired

The server has moved on; the page needs a fresh start.